 Dungeon Crawl Stone Soup version 0.20-a0-522-g0b37eee (webtiles) character file.

280 Duffy the Chopper (level 6, -2/56 HPs)
             Began as a Naga Fighter on Jan 25, 2017.
             Killed from afar by an orc wizard (8 damage)
             ... with a magic dart
             ... on level 4 of the Dungeon.
             The game lasted 00:03:37 (3336 turns).

Duffy the Chopper (Naga Fighter)                    Turns: 3336, Time: 00:03:38

Health: -2/56      AC:  9    Str: 20    XL:     6   Next: 27%
Magic:  6/6        EV:  3    Int:  8    God:
Gold:   194        SH:  9    Dex: 11    Spells: 5/5 levels left

rFire    . . .     SeeInvis +   a - +0 war axe
rCold    + . .     Gourm    .   h - +0 chain mail
rNeg     + . .     Faith    .   c - +0 shield
rPois    +         Spirit   .   y - +0 helmet
rElec    .         Reflect  .   (no cloak)
rCorr    .         Harm     .   m - +0 pair of gloves
MR       .....                  (no barding)
Stlth    ..........             (no amulet)
Regen    0.2/turn               l - ring of protection from cold
                                i - ring of positive energy

@: short of breath, very slow
A: see invisible, deformed body, poison resistance, slowness 2, slow metabolism
1, spit poison 1, AC +2
a: Spit Poison


You were on level 4 of the Dungeon.
You were hungry.

You visited 1 branch of the dungeon, and saw 4 of its levels.

You collected 194 gold pieces.

Inventory:

Hand Weapons
 a - a +0 war axe (weapon)
Armour
 c - a +0 shield (worn)
 h - a +0 chain mail (worn)
 m - a +0 pair of gloves (worn)
 y - a +0 helmet (worn)
Jewellery
 i - a ring of positive energy (left hand)
 l - a ring of protection from cold (right hand)
 v - a cursed ring of positive energy
Scrolls
 b - a scroll of identify {unknown}
 e - a scroll of fear {unknown}
 j - a scroll of enchant armour {unknown}
 k - a scroll of blinking {unknown}
 n - a scroll of magic mapping {unknown}
 o - a scroll of noise {unknown}
 q - a scroll of immolation {unknown}
 r - a scroll of teleportation {unknown}
 x - a scroll of enchant weapon {unknown}
Potions
 d - 2 potions of might
 s - a potion of invisibility {unknown}
 t - a potion of haste {unknown}
 u - 2 potions of curing {unknown}
 w - a potion of lignification {unknown}
Comestibles
 f - 3 bread rations
 g - a fruit
 p - 2 meat rations


   Skills:
 - Level 3.0 Fighting
 + Level 4.8 Axes
 - Level 2.4 Armour
 + Level 4.2 Shields


You had 5 spell levels left.
You didn't know any spells.

Dungeon Overview and Level Annotations

Branches:
Dungeon (4/15)
 Temple: D:4-7

Altars:


Innate Abilities, Weirdness & Mutations

You cannot wear boots.
Your serpentine skin is tough. (AC +2)
You have supernaturally acute eyesight. (SInv)
Armour fits poorly on your strangely shaped body.
Your system is resistant to poisons. (rPois)
You cover ground very slowly.
You have a slow metabolism.
You can spit poison.


Message History

Your shield and chain mail prevent you from hitting the crimson imp.
You have got your breath back.
The crimson imp hits you but does no damage.
The orc wizard hits you but does no damage.
The crimson imp hits you but does no damage.
The orc wizard gestures at you while chanting.
The magic dart hits you!
You barely miss the orc wizard.
The orc wizard is lightly wounded.
You barely miss the crimson imp.
The orc wizard mumbles some strange words.
The orc wizard blinks!
The crimson imp hits you but does no damage.
Press: ? - help, Shift-Dir - straight line, f - crimson imp
Aim: a crimson imp The splash of poison misses the crimson imp.
You feel slightly more hungry. You block the crimson imp's attack.
The orc wizard casts a spell at you. The magic dart hits you!
You die...

....#..+.........
....#+##...............
..........###+##......
..........+ #.....
####......# #.o..#
...#......###+##....#
...###'#............#
#####..#........)0..#
#..##..#........@5..#
#......#........##'##
.......#........# ..
#..##..#........# ..#
#..##+##........# .'.
#..#......####'## #.
'..'......#....#
#..#......+....#
####..(...#....#


You could see an orc wizard and a crimson imp.

Vanquished Creatures
  A phantom (D:4)
  A howler monkey (D:4)
  An orc priest (D:4)
  Terence (D:3)
  3 adders (D:3)
  3 worms (D:3)
  A dart slug (D:1)
  A leopard gecko (D:3)
  7 orcs
  2 ball pythons (D:2)
  5 giant cockroaches
  6 goblins
  4 hobgoblins
  2 quokkas (D:2)
  7 bats
  6 frilled lizards
  6 kobolds
  7 rats
64 creatures vanquished.

Notes
Turn   | Place    | Note
-------+----------+-------------------------------------------
     0 | D:1      | Duffy the Naga Fighter began the quest for the Orb.
     0 | D:1      | Reached XP level 1. HP: 21/21 MP: 1/1
   327 | D:1      | Reached XP level 2. HP: 19/28 MP: 2/2
   856 | D:2      | Reached XP level 3. HP: 23/34 MP: 3/3
  1533 | D:3      | Noticed Terence
  1542 | D:3      | Killed Terence
  1542 | D:3      | Reached XP level 4. HP: 34/42 MP: 4/4
  2379 | D:3      | Reached XP level 5. HP: 24/49 MP: 5/5
  2672 | D:4      | Noticed a phantom
  2714 | D:4      | Killed a phantom
  3155 | D:4      | Reached XP level 6. HP: 41/56 MP: 6/6
  3336 | D:4      | Killed from afar by an orc wizard

Vault maps used:
D:1:      mrwooster_arrival_statue_3, minmay_misc_feat_encased
D:3:      gup_sewer_entry_bubbles, first_bread, minmay_misc_feat_tiny,
          kennysheep_cross_room, uniq_terence

Skill      XL: |  1  2  3  4  5 |
---------------+----------------+-----
Shields        | 3 4 |  4.2
Axes           | 3 4 |  4.8
Fighting       | |  3.0
Armour         | |  2.4

Action                   |  1- 3 |  4- 6 || total
-------------------------+-------+-------++-------
Melee: War axe           |   134 |   112 ||   246
 Abil: Spit Poison       |     2 |     3 ||     5
  Eat: Chunk             |     1 |     5 ||     6
Armor: Scale mail        |    49 |       ||    49
       Chain mail        |    34 |    71 ||   105
Dodge: Dodged            |    30 |    15 ||    45
Block: Shield            |    80 |    60 ||   140
